 Dungeon Crawl Stone Soup version 0.25.1-2-g60ff931df9 (webtiles) character file.

Game seed: 11856613830699864654

518 unsackodemaiz the Covert (level 7, -1/46 HPs)
             Began as an Octopode Assassin on Oct 29, 2020.
             Was an Initiate of Makhleb.
             Slain by an ogre
             ... wielding a +0 giant club
              (19 damage)
             ... on level 6 of the Dungeon.
             The game lasted 00:23:38 (3066 turns).

unsackodemaiz the Covert (Octopode Assassin)        Turns: 3066, Time: 00:23:38

Health: -1/46      AC:  3    Str:  8 (11) XL:     7   Next: 21%
Magic:  7/7        EV: 13    Int: 16 (19) God:    Makhleb [......]
Gold:   261        SH:  0    Dex: 12 (15) Spells: 6/6 levels left

rFire    . . .     SeeInvis .   a - +2 dagger
rCold    . . .     Gourm    .   (no shield)
rNeg     . . .     Faith    .   h - +2 hat
rPois    .         Spirit   .   i - amulet of inaccuracy
rElec    .         Reflect  .   j - +6 ring of intelligence
rCorr    .         Harm     .   (no ring)
MR       .....                  (no ring)
Stlth    +++++.....             (no ring)
HPRegen  0.15/turn              (no ring)
MPRegen  0.10/turn              (no ring)
                                (no ring)
                                (no ring)

@: no status effects
A: almost no armour, stealthy swim, amphibious, 8 rings, constrict 8, camouflage
1, gelatinous body 1
a: Renounce Religion


You were on level 6 of the Dungeon.
You worshipped Makhleb.
Makhleb was noncommittal.
You were not hungry.

You visited 2 branches of the dungeon, and saw 7 of its levels.

You collected 261 gold pieces.

Inventory:

Hand Weapons
 a - a +2 dagger (weapon)
Missiles
 b - 13 poisoned darts (quivered)
 c - 2 curare-tipped darts
 m - 7 boomerangs
Armour
 h - a +2 hat (worn)
Jewellery
 i - an amulet of inaccuracy (around mantle)
 j - a +6 ring of intelligence (left tentacle)
Scrolls
 e - a scroll of enchant armour
 l - 2 scrolls of remove curse
 o - 4 scrolls of identify
 p - 2 scrolls of teleportation
 r - a scroll of amnesia
Potions
 k - a potion of brilliance
 q - a potion of stabbing
Comestibles
 d - 10 rations


   Skills:
 - Level 3.1 Fighting
 + Level 3.7 Short Blades
 + Level 2.0 Throwing
 * Level 2.4 Dodging
 * Level 9.5 Stealth


You had 6 spell levels left.
You didn't know any spells.
Your spell library contained the following spells:

 Spells                   Type           Power        Failure   Level  Hunger
 Animate Skeleton         Necr           N/A          26%         1    ##.....
 Pain                     Necr           #...         26%         1    ##.....
 Vampiric Draining        Necr           #.........   58%         3    ####...
 Animate Dead             Necr           N/A          94%         4    #####..
 Agony                    Necr           #.......     100%        5    ######.


Dungeon Overview and Level Annotations

Branches:
Dungeon (6/15)             Temple (1/1) D:5

Altars:
Ashenzari
Cheibriados
Elyvilon
Fedhas
Gozag
Hepliaklqana
Makhleb
Okawaru
Sif Muna
Trog
Uskayaw
Wu Jian
Xom
Yredelemnul
Zin

Annotations:
D:3 1 runed translucent door, othur's ghost, amateur GrFi


Innate Abilities, Weirdness & Mutations

You cannot wear most types of armour.
You are very stealthy in the water. (Stealth+)
You are amphibious.
You can wear up to eight rings at the same time.
You can use your tentacles to constrict eight enemies at once.
Your skin changes colour to match your surroundings (Stealth+).
Your rubbery body absorbs attacks. (AC +1, EV +1)


Message History

You hit the ogre.
The ogre is lightly wounded.
The ogre closely misses you.
You hit the ogre but do no damage.
The ogre is lightly wounded.
You hit the ogre. Your squeeze misses the ogre.
The ogre is moderately wounded.
The ogre barely misses you.
You hit the ogre.
The ogre is moderately wounded.
The ogre barely misses you.
You barely miss the ogre.
The ogre is moderately wounded.
You hit the ogre.
The ogre is moderately wounded.
The ogre completely misses you.
You hit the ogre. You squeeze the ogre.
The ogre is severely wounded.
The ogre hits you with a +0 giant club!!
You die...

#. #..... .. ###.## #.
#.## #.## #####.## ..#
#......# #.# #.......
#.# #....... ###O#
#..####. ##.#@# #...###.
####....#########....##.
+.......................
####.......######....##.
##........# #.......
#.........# ###.####
#.#..#...<# .#
#..#..#..## .#
#....#....# .#


You could see an ogre.

Vanquished Creatures
  2 ogres
  A bullfrog (D:6)
  A centaur zombie (D:5)
  An orc priest (D:3)
  An orc wizard (D:3)
  An iguana (D:4)
  A worker ant (D:4)
  3 gnolls (D:6)
  2 adders
  5 oozes
  A worm (D:2)
  5 leopard geckos
  8 orcs
  3 giant cockroaches
  2 goblins (D:2)
  5 hobgoblins
  6 jackals
  7 kobolds
  2 quokkas
  2 ball pythons (D:3)
  3 bats
  6 frilled lizards
  A quokka skeleton (D:4)
  3 rats
72 creatures vanquished.

Notes
Turn   | Place    | Note
-------+----------+-------------------------------------------
     0 | D:1      | unsackodemaiz the Octopode Assassin began the quest for the
                  | Orb.
     0 | D:1      | Reached XP level 1. HP: 14/14 MP: 1/1
   220 | D:2      | Reached XP level 2. HP: 14/19 MP: 2/2
   275 | D:2      | Found a shimmering blue altar of Sif Muna.
   417 | D:2      | Reached skill level 6 in Stealth
   556 | D:2      | Reached XP level 3. HP: 24/24 MP: 3/3
   616 | D:2      | Noticed an ogre
   643 | D:2      | Killed an ogre
   643 | D:2      | Reached skill level 7 in Stealth
   643 | D:2      | Reached XP level 4. HP: 22/30 MP: 4/4
   643 | D:2      | Reached XP level 5. HP: 26/35 MP: 5/5
  1001 | D:3      | Found a runed translucent door.
  1011 | D:3      | Noticed othur's ghost (amateur GrFi)
  1248 | D:3      | Reached skill level 8 in Stealth
  1278 | D:3      | Found a shimmering altar of Xom.
  1425 | D:3      | Reached XP level 6. HP: 23/41 MP: 6/6
  2024 | D:4      | Reached skill level 9 in Stealth
  2152 | D:5      | Entered Level 5 of the Dungeon
  2204 | D:5      | Found a staircase to the Ecumenical Temple.
  2221 | Temple   | Entered the Ecumenical Temple
  2408 | Temple   | Became a worshipper of Makhleb the Destroyer
  2854 | D:6      | Reached XP level 7. HP: 34/46 MP: 7/7
  3066 | D:6      | Slain by an ogre

Illustrated notes

Levels and vault maps discovered:
D:1:      dpeg_arrival_arbitrary_a, layout_basic
D:2:      layout_basic, nicolae_overflow_crystal_walls,
          kennysheep_pointless_box, chequers_serial_rivers_micro_d
D:3:      wad_pebble_path, layout_loops_corners, lemuel_doored_altar,
          ebering_ghost_sewer_d
D:4:      layout_rooms
D:5:      layout_basic, minmay_temple_entry_junction_2, first_ration
D:6:      layout_loops_corners, minivault_5, minmay_misc_feat_diagonals
Temple:   nicolae_temple_god_jail

Skill      XL: |  1  2  3  4  5  6 |
---------------+-------------------+-----
Stealth        | 6 7 8 9 |  9.5
Short Blades   | 3 |  3.7
Fighting       | 3 |  3.1
Dodging        | 2 |  2.4
Throwing       | |  2.0

Action                   |  1- 3 |  4- 6 |  7- 9 || total
-------------------------+-------+-------+-------++-------
Melee: Dagger            |    37 |   129 |    31 ||   197
       Constrict         |     6 |    19 |     2 ||    27
       Tentacles         |     4 |    19 |     2 ||    25
Throw: Dart              |     1 |       |     2 ||     3
  Use: Scroll            |     3 |     3 |     1 ||     7
       Potion            |       |     1 |     5 ||     6
 Stab: Sleeping          |    10 |    20 |       ||    30
  Eat: Chunk             |       |     3 |       ||     3
       Ration            |       |     1 |       ||     1
Armor: Skin              |     4 |    17 |     8 ||    29
Dodge: Dodged            |     6 |    70 |    17 ||    93
